 Dungeon Crawl Stone Soup version 0.21.1-1-g345015fe64 (webtiles) character file.

13874 Kohma the Covert (level 11, -24/47 HPs)
             Began as a Spriggan Enchanter on June 27, 2018.
             Was a High Priest of Kikubaaqudgha.
             Annihilated by a minotaur (29 damage)
             ... in a labyrinth.
             The game lasted 01:08:38 (16449 turns).

Kohma the Covert (Spriggan Enchanter)              Turns: 16449, Time: 01:08:38

Health: -24/47     AC: 10    Str:  4    XL:     11   Next: 81%
Magic:  11/24      EV: 25    Int: 16    God:    Kikubaaqudgha [*****.]
Gold:   1049       SH:  0    Dex: 16    Spells: 7/26 levels left

rFire    . . .     SeeInvis +   B - +5 dagger of Charity {drain, rC+++ Str-3 Dex-2 SInv}
rCold    + + +     Gourm    .   (shield restricted)
rNeg     . . .     Faith    .   f - +1 troll leather armour
rPois    .         Spirit   .   (helmet restricted)
rElec    .         Reflect  .   (no cloak)
rCorr    .         Harm     .   (gloves unavailable)
MR       +....                  (boots unavailable)
Stlth    +++++.....             n - amulet of regeneration
HPRegen  0.95/turn              b - ring of wizardry
MPRegen  0.19/turn              r - +5 ring of protection

@: very slightly contaminated, very quick
A: very small, unfitting armour, see invisible, herbivore, speed 3, slow
metabolism 2
a: Receive Corpses, Torment, Renounce Religion


You were in a labyrinth.
You worshipped Kikubaaqudgha.
Kikubaaqudgha was extremely pleased with you.
You were not hungry.

You visited 2 branches of the dungeon, and saw 13 of its levels.
You also visited: Labyrinth and Ossuary.

You collected 1049 gold pieces.

Inventory:

Hand Weapons
 a - a +2 dagger
 h - a +3 short sword of venom
 s - a +0 rapier
 B - the +5 dagger of Charity (weapon) {drain, rC+++ Str-3 Dex-2 SInv}
   (You found it on level 11 of the Dungeon)

   A truly terrible weapon, it drains the life of those it strikes.
   It affects your strength (-3).
   It affects your dexterity (-2).
   It renders you almost immune to cold.
   It lets you see invisible.
 Q - a +0 dagger of protection
Missiles
 g - 131 bolts
 E - a throwing net (quivered)
Armour
 f - a +1 troll leather armour (worn)
Jewellery
 b - a ring of wizardry (left hand)
 j - an uncursed ring of flight
 n - an amulet of regeneration (around neck)
 r - a +5 ring of protection (right hand)
 w - an uncursed ring of ice
 F - a +2 ring of strength
Wands
 l - a wand of flame (83)
 D - a wand of digging (35)
 O - a wand of iceblast (15)
Scrolls
 e - 3 scrolls of remove curse
 k - 4 scrolls of magic mapping
 o - 7 scrolls of amnesia
 y - 2 scrolls of fear
 z - 2 scrolls of blinking
 K - 2 scrolls of teleportation
 L - a scroll of fog
Potions
 d - a potion of might
 i - 2 potions of invisibility
 m - 3 potions of heal wounds
 p - a potion of brilliance
 q - a potion of resistance
 v - a potion of berserk rage
 x - 5 potions of curing
 J - a potion of flight
 N - 3 potions of lignification
 P - 2 potions of mutation
Books
 c - a book of Maledictions

   Spells                             Type                      Level
   a - Corona                         Hexes                        1
   b - Ensorcelled Hibernation        Hexes/Ice                    2
   c - Confuse                        Hexes                        3
   d - Tukima's Dance                 Hexes                        3
   e - Dazzling Spray                 Conjuration/Hexes            3
 u - Kikubaaqudgha's Reference Book on Darkness
   (Kikubaaqudgha gifted it to you on level 3 of the Dungeon)

   Spells                             Type                      Level
   a - Animate Skeleton               Necromancy                   1
   b - Pain                           Necromancy                   1
   c - Sublimation of Blood           Necromancy                   2
   d - Regeneration                   Charms/Necromancy            3
 G - a book of Callings

   Spells                             Type                      Level
   a - Summon Small Mammal            Summoning                    1
   b - Call Imp                       Summoning                    2
   c - Call Canine Familiar           Summoning                    3
   d - Summon Guardian Golem          Hexes/Summoning              3
   e - Summon Lightning Spire         Summoning/Air                4
   f - Summon Ice Beast               Ice/Summoning                4
 H - Kikubaaqudgha's Incunabulum of Darkness
   (Kikubaaqudgha gifted it to you on level 6 of the Dungeon)

   Spells                             Type                      Level
   a - Excruciating Wounds            Charms/Necromancy            5
   b - Borgnjor's Vile Clutch         Necromancy/Earth             5
   c - Dispel Undead                  Necromancy                   5
   d - Simulacrum                     Ice/Necromancy               6
   e - Death Channel                  Necromancy                   6
 I - a book of Necromancy

   Spells                             Type                      Level
   a - Pain                           Necromancy                   1
   b - Animate Skeleton               Necromancy                   1
   c - Vampiric Draining              Necromancy                   3
   d - Regeneration                   Charms/Necromancy            3
   e - Animate Dead                   Necromancy                   4
   f - Borgnjor's Vile Clutch         Necromancy/Earth             5
Miscellaneous
 A - a fan of gales
 M - a phial of floods
Comestibles
 t - 7 rations


   Skills:
 - Level 10.0 Short Blades
 * Level 2.9 Armour
 - Level 12.0 Dodging
 - Level 12.1 Stealth
 - Level 8.0 Spellcasting
 - Level 6.1 Hexes
 - Level 6.0 Charms
 - Level 4.0 Necromancy
 - Level 6.0 Translocations
 - Level 4.0 Ice Magic
 + Level 3.5 Evocations


You had 7 spell levels left.
You knew the following spells:

 Your Spells              Type           Power        Failure   Level  Hunger
a - Confuse               Hex            ####....     1%          3    ##.....
b - Ensorcelled Hibernat  Hex/Ice        ###...       1%          2    None
c - Pain                  Necr           ###.         1%          1    None
d - Regeneration          Chrm/Necr      ###.......   3%          3    ##.....
e - Dispel Undead         Necr           ###.....     38%         5    #####..
f - Blink                 Tloc           N/A          1%          2    None
g - Vampiric Draining     Necr           ###.......   4%          3    ##.....


Dungeon Overview and Level Annotations

Branches:
Dungeon (12/15)            Temple (1/1) D:7            Lair (0/6) D:11
    Orc (0/2) D:10

Altars:
Ashenzari
Cheibriados
Dithmenos
Elyvilon
Fedhas
Gozag
Hepliaklqana
Kikubaaqudgha
Makhleb
Nemelex Xobeh
Okawaru
Qazlal
Ru
Sif Muna
Trog
Uskayaw
Vehumet
Wu Jian
Xom
Yredelemnul
Zin
The Shining One
Beogh

Shops:
D:8 *

Annotations:
D:1 fly
D:8 kajmaj's ghost, novice DDFi


Innate Abilities, Weirdness & Mutations

You are very small and have problems with some larger weapons.
You are too small for most types of armour.
You have supernaturally acute eyesight. (SInv)
You are a herbivore.
You cover ground extremely quickly.
You need consume almost no food.


Message History

Aiming: Ensorcelled Hibernation
Press: ? - help, Shift-Dir - straight line, f/p - minotaur
Aim: a minotaur, wearing a glowing chain mail and wearing a scintillating ruby amulet (chance to defeat MR: 19%)
You miscast Ensorcelled Hibernation.
You are very lightly contaminated with residual magic.
Nothing appears to happen.
Casting: Ensorcelled Hibernation
Confirm with . or Enter, or press ? or * to list all spells.
Aiming: Ensorcelled Hibernation
Press: ? - help, Shift-Dir - straight line, f/p - minotaur
Aim: a minotaur, wearing a glowing chain mail and wearing a scintillating ruby amulet (chance to defeat MR: 19%)
The minotaur resists with almost no effort.
The minotaur hits you!!
Ouch! That really hurt!
* * * LOW HITPOINT WARNING * * *
The minotaur barely misses you. The minotaur hits you!!
Ouch! That really hurt!
You die...
Kikubaaqudgha rasps: "You have failed me!
Welcome... death!"

# .. ..#.### .#
. . #.. . .
..#.# ## ..# # #
# #.# #. . . . .
#.####### #.#
###. . .......#
# # . ..
.#.#.###.# #.# #
#. #...H.#.# #.
# #####@#.###.#
#........#.....#
. ..########## #
# ## # . .. ## #
#


You could see a minotaur.

Vanquished Creatures
  Josephine (D:11)
  A death knight (D:12)
  2 two-headed ogres
  2 ugly things (D:11)
  Grinder (D:6)
  4 trolls
  5 hippogriffs
  A hornet (D:11)
  A wraith (D:11)
  A shadow (D:11)
  12 yaks
  2 hungry ghosts
  Edmund (D:6)
  2 sky beasts
  4 phantoms
  6 orc warriors
  A hornet zombie (D:12)
  2 ice beasts
  8 ogres
  5 centaurs
  A crocodile (D:10)
  Blork the orc (D:6)
  5 bullfrogs
  A big kobold (D:11)
  An earth elemental (Lab)
  7 scorpions
  3 killer bees (D:11)
  9 wights
  2 howler monkeys
  A centaur zombie (D:9)
  2 bullfrog zombies
  2 crimson imps
  10 orc priests
  2 hounds
  3 jellies
  11 orc wizards
  2 bullfrog skeletons (D:11)
  3 centaur skeletons
  Jessica (D:2)
  5 iguanas
  Natasha (twice) (D:2)
  9 worker ants
  A big kobold zombie (Ossuary)
  A hound zombie (D:11)
  2 hound skeletons
  3 mummies
  2 worker ant zombies
  7 gnolls
  9 adders
  4 shadow imps
  An ooze (D:6)
  An adder zombie (D:10)
  2 adder skeletons (D:4)
  4 worms
  6 dart slugs
  4 leopard geckos
  53 orcs
  6 giant cockroaches
  9 goblins
  5 hobgoblins
  2 jackals (D:3)
  8 kobolds
  2 quokkas
  2 ball pythons (D:2)
  8 bats
  12 frilled lizards
  9 goblin zombies
  2 hobgoblin zombies (Ossuary)
  A leopard gecko skeleton (D:6)
  A leopard gecko zombie (D:8)
  4 orc zombies
  A quokka skeleton (D:4)
  3 rats (D:2)
320 creatures vanquished.

Vanquished Creatures (others)
  An orc (D:10)
1 creature vanquished.

Grand Total: 321 creatures vanquished

Notes
Turn   | Place    | Note
-------+----------+-------------------------------------------
     0 | D:1      | Kohma the Spriggan Enchanter began the quest for the Orb.
     0 | D:1      | Reached XP level 1. HP: 9/9 MP: 5/5
   411 | D:1      | Reached XP level 2. HP: 13/13 MP: 6/6
   415 | D:1      | Learned a level 2 spell: Ensorcelled Hibernation
   889 | D:1      | Reached XP level 3. HP: 16/16 MP: 8/8
  1527 | D:2      | Reached skill level 1 in Ice Magic
  1527 | D:2      | Reached XP level 4. HP: 21/21 MP: 2/9
  1907 | D:2      | Noticed Jessica
  1908 | D:2      | Found an ancient bone altar of Kikubaaqudgha.
  1915 | D:2      | Killed Jessica
  1915 | D:2      | Reached skill level 5 in Hexes
  1952 | D:2      | Became a worshipper of Kikubaaqudgha
  2062 | D:2      | Noticed Natasha
  2068 | D:2      | Killed Natasha
  2168 | D:2      | Reached XP level 5. HP: 24/24 MP: 7/10
  2477 | D:2      | Noticed Natasha
  2483 | D:2      | Killed Natasha
  3040 | D:3      | Found a blossoming altar of Fedhas.
  3045 | D:3      | Reached * piety under Kikubaaqudgha
  3045 | D:3      | Identified Kikubaaqudgha's Reference Book on Darkness (Kikubaaqudgha gifted it to you on level 3 of the Dungeon)
  3045 | D:3      | Received a gift from Kikubaaqudgha
  3087 | D:3      | Learned a level 1 spell: Pain
  3091 | D:3      | Learned a level 3 spell: Regeneration
  3396 | D:4      | Learned a level 3 spell: Confuse
  3466 | D:4      | Found a deep blue altar of Sif Muna.
  3781 | D:4      | Reached XP level 6. HP: 28/28 MP: 12/12
  3798 | D:4      | Found a radiant altar of Vehumet.
  3940 | D:4      | Reached skill level 5 in Dodging
  4930 | D:5      | Entered Level 5 of the Dungeon
  4961 | D:5      | Reached skill level 1 in Necromancy
  4974 | D:5      | Reached XP level 7. HP: 27/32 MP: 11/14
  5015 | D:5      | Found a sand-covered staircase.
  5060 | Ossuary  | Entered an ossuary
  5212 | Ossuary  | Reached skill level 5 in Stealth
  5382 | Ossuary  | Reached ** piety under Kikubaaqudgha
  5760 | D:5      | Noticed a hand axe
  5761 | D:5      | Found a hide-covered altar of Uskayaw.
  5762 | D:5      | Noticed a dagger
  6091 | D:5      | Reached XP level 8. HP: 36/36 MP: 3/15
  6683 | D:6      | Reached skill level 5 in Short Blades
  6683 | D:6      | Reached skill level 1 in Charms
  6998 | D:6      | Reached *** piety under Kikubaaqudgha
  6998 | D:6      | Identified Kikubaaqudgha's Incunabulum of Darkness (Kikubaaqudgha gifted it to you on level 6 of the Dungeon)
  6998 | D:6      | Received a gift from Kikubaaqudgha
  7209 | D:6      | Learned a level 5 spell: Dispel Undead
  7221 | D:6      | Noticed Edmund
  7225 | D:6      | Killed Edmund
  7278 | D:6      | Found a sacrificial altar of Ru.
  7367 | D:6      | Noticed Grinder
  7374 | D:6      | Killed Grinder
  7374 | D:6      | Reached XP level 9. HP: 39/39 MP: 16/16
  7400 | D:6      | Noticed Blork the orc
  7405 | D:6      | Killed Blork the orc
  8403 | D:7      | Found a stormy altar of Qazlal.
  8550 | D:7      | Found a staircase to the Ecumenical Temple.
  8557 | Temple   | Entered the Ecumenical Temple
  9337 | D:8      | Noticed kajmaj's ghost (novice DDFi)
  9577 | D:8      | Reached skill level 5 in Spellcasting
  9640 | D:8      | Found Nauj's Needful Niceties.
 10204 | D:9      | Noticed a troll
 10210 | D:9      | Killed a troll
 10210 | D:9      | Reached **** piety under Kikubaaqudgha
 10876 | D:9      | Found a white marble altar of Elyvilon.
 10896 | D:9      | Found a burning altar of Makhleb.
 11089 | D:9      | Noticed a two-headed ogre
 11099 | D:9      | Killed a two-headed ogre
 11099 | D:9      | Reached XP level 10. HP: 44/44 MP: 12/20
 11109 | D:9      | Reached skill level 10 in Dodging
 11184 | D:9      | Found an opulent altar of Gozag.
 11198 | D:9      | Found a shadowy altar of Dithmenos.
 11265 | D:9      | Found a hazy altar of Hepliaklqana.
 11266 | D:9      | Found a shimmering altar of Xom.
 11266 | D:9      | Noticed an unseen horror
 11267 | D:9      | Noticed an unseen horror
 11345 | D:10     | Entered Level 10 of the Dungeon
 11442 | D:10     | Reached skill level 5 in Charms
 11705 | D:10     | Learned a level 2 spell: Blink
 11781 | D:10     | Reached skill level 1 in Translocations
 11946 | D:10     | Learned a level 3 spell: Vampiric Draining
 12372 | D:10     | Found a roughly hewn altar of Beogh.
 12373 | D:10     | Found a staircase to the Orcish Mines.
 13119 | D:10     | Reached ***** piety under Kikubaaqudgha
 13346 | D:11     | Reached skill level 10 in Short Blades
 13943 | D:11     | Reached XP level 11. HP: 47/47 MP: 23/23
 13980 | D:11     | Reached skill level 5 in Translocations
 13992 | D:11     | Paralysed by a hornet for 1 turns
 14032 | D:11     | Paralysed by a hornet for 3 turns
 14476 | D:11     | Noticed a green ugly thing
 14502 | D:11     | Killed a green ugly thing
 14717 | D:11     | Noticed a two-headed ogre
 14913 | D:11     | Noticed Josephine
 14941 | D:11     | Found a staircase to the Lair.
 14949 | D:11     | Killed Josephine
 14949 | D:11     | Reached skill level 10 in Stealth
 15349 | D:11     | Got a crystal dagger
 15350 | D:11     | Identified the +5 dagger of Charity {drain, rC+++ Str-3 Dex-2 SInv} (You found it on level 11 of the Dungeon)
 15352 | D:11     | Noticed a red ugly thing
 15359 | D:11     | Killed a red ugly thing
 15503 | D:11     | Noticed a two-headed ogre
 15505 | D:11     | Killed a two-headed ogre
 15593 | D:12     | Reached skill level 1 in Evocations
 15598 | D:12     | Reached skill level 1 in Armour
 15762 | D:12     | Noticed a death knight
 15810 | D:12     | Killed a death knight
 15955 | D:12     | Found a labyrinth entrance.
 15961 | Lab      | Entered a labyrinth
 16424 | Lab      | Noticed a minotaur
 16449 | Lab      | Annihilated by a minotaur

Skill      XL: |  1  2  3  4  5  6  7  8  9 10 11 |
---------------+----------------------------------+-----
Hexes          | 4 5 6 |  6.1
Short Blades   | 2 3 4 5 8 10 | 10.0
Ice Magic      | 1 2 3 4 |  4.0
Dodging        | 4 5 6 8 9 11 12 | 12.0
Spellcasting   | 3 4 6 7 8 |  8.0
Necromancy     | 1 3 4 |  4.0
Stealth        | 6 8 12 | 12.1
Charms         | 4 6 |  6.0
Translocations | 4 6 |  6.0
Evocations     | 3 |  3.5
Armour         | 2 |  2.9

Action                   |  1- 3 |  4- 6 |  7- 9 | 10-12 || total
-------------------------+-------+-------+-------+-------++-------
Melee: Dagger            |    74 |   140 |   408 |   307 ||   929
       Short sword       |       |       |       |    76 ||    76
Throw: Stone             |       |       |    17 |       ||    17
 Cast: Corona            |     5 |       |       |       ||     5
       Ensorcelled Hiber |    27 |    48 |   113 |   131 ||   319
       Confuse           |       |     4 |    39 |    66 ||   109
       Pain              |       |     4 |       |       ||     4
       Vampiric Draining |       |       |       |     2 ||     2
       Blink             |       |       |       |     3 ||     3
 Abil: Stop Flying       |       |     1 |       |       ||     1
       Evoke Flight      |       |     1 |       |       ||     1
Evoke: Wand              |       |       |       |     7 ||     7
  Use: Scroll            |       |    13 |     4 |    12 ||    29
       Potion            |       |     1 |     2 |     1 ||     4
 Stab: Sleeping          |    20 |    50 |    87 |    69 ||   226
       Confused          |       |     1 |    19 |    25 ||    45
       Distracted        |       |       |     1 |     2 ||     3
       Invisible         |       |       |       |    10 ||    10
  Eat: Ration            |       |     4 |     7 |     3 ||    14
Armor: Robe              |     8 |    10 |    16 |       ||    34
       Skin              |       |    46 |   123 |       ||   169
       Troll leather arm |       |       |       |    33 ||    33
Dodge: Dodged            |    55 |   120 |   276 |   318 ||   769
